 Dungeon Crawl Stone Soup version 0.26.1-2-gb8aa6d0cf2 (webtiles) character file.

Game seed: 7375011292555475201

314728 nightchill the Warrior (level 21, -5/180 HPs)
             Began as a Merfolk Fighter on Mar 24, 2021.
             Was a High Priest of Okawaru.
             Slain by a vault warden
             ... wielding a +1 great mace of protection
              (7 damage)
             ... while paralysed by a sphinx
             ... on level 2 of the Vaults on Mar 25, 2021.
             The game lasted 02:07:21 (51343 turns).

nightchill the Warrior (Merfolk Fighter)           Turns: 51343, Time: 02:07:22

Health: -5/180     AC: 23    Str: 24    XL:     21   Next: 36%
Magic:  29/30      EV:  2    Int:  5    God:    Okawaru [*****.]
Gold:   2255       SH:  0    Dex: 14    Spells: 19/20 levels left

rFire    . . .     SeeInvis +   a - +7 demon trident (elec)
rCold    . . .     Faith    .   b - +10 tower shield of Ignorance {rN+ Int-4}
rNeg     + . .     Spirit   .   H - +2 chain mail {Will+}
rPois    +         Reflect  .   R - +1 hat {Will+}
rElec    +         Harm     .   T - +0 cloak
rCorr    .         Rampage  .   (no gloves)
Will     +++..                  k - +2 pair of boots
Stlth    +.........             V - amulet of the acrobat
HPRegen  0.40/turn              o - ring of poison resistance
MPRegen  0.22/turn              I - ring "Qooh" {rElec Slay+4 SInv Stlth+}

@: paralysed, heroism, studying Dodging
A: change form in water, swift swim, stealthy swim
}: 2/15 runes: serpentine, barnacled
a: Renounce Religion, Heroism, Finesse


You were on level 2 of the Vaults.
You worshipped Okawaru.
Okawaru was extremely pleased with you.
You visited 6 branches of the dungeon, and saw 33 of its levels.
You also visited: Bailey.

You collected 3723 gold pieces.
You spent 1468 gold pieces at shops.

Inventory:

Hand Weapons
 a - a +7 demon trident of electrocution (weapon)
 x - a +2 antimagic spear
 C - a +1 demon trident of freezing
 G - a +3 demon trident of freezing
Missiles
 y - 13 atropa-tipped darts (quivered)
 B - 7 throwing nets
 M - 30 silver javelins
Armour
 b - the +10 tower shield of Ignorance (worn) {rN+ Int-4}
   (You found it on level 1 of the Orcish Mines)

   It affects your intelligence (-4).
   It protects you from negative energy.
 k - a +2 pair of boots (worn)
 H - a +2 chain mail of willpower (worn)
 R - a +1 hat of willpower (worn)
 T - a +0 cloak (worn)
Jewellery
 o - a ring of poison resistance (left hand)
 p - an uncursed ring of protection from fire
 u - an uncursed ring of resist corrosion
 I - the ring "Qooh" (right hand) {rElec Slay+4 SInv Stlth+}
   (You bought it in a shop on level 6 of the Dungeon)

   [ring of slaying]

   It affects your accuracy and damage with ranged weapons and melee attacks
   (+4).
   It insulates you from electricity.
   It lets you see invisible.
   It makes you more stealthy.
 V - an amulet of the acrobat (around neck)
Wands
 n - a wand of digging (5)
 v - a wand of acid (35)
 z - a wand of polymorph (12)
 L - a wand of flame (21)
 S - a wand of iceblast (13)
 U - a wand of disintegration (9)
 Y - a wand of paralysis (12)
Scrolls
 e - 2 scrolls of blinking
 f - 9 scrolls of enchant armour
 g - 13 scrolls of teleportation
 h - 15 scrolls of remove curse
 i - a scroll of amnesia
 j - 4 scrolls of fear
 l - 4 scrolls of noise
 F - 10 scrolls of immolation
 J - a scroll of holy word
 K - 4 scrolls of vulnerability
 O - 4 scrolls of summoning
 W - 3 scrolls of enchant weapon
 Z - a scroll of fog
Potions
 d - 2 potions of ambrosia
 m - 19 potions of curing
 q - 7 potions of brilliance
 r - 4 potions of heal wounds
 s - 4 potions of resistance
 t - 4 potions of flight
 w - 4 potions of berserk rage
 A - 3 potions of haste
 D - a potion of invisibility
 E - a potion of lignification
 Q - 2 potions of cancellation
 X - 5 potions of might
Books
 P - a manual of Dodging
Miscellaneous
 c - a tin of tremorstones (2/2)
 N - a phial of floods


   Skills:
 + Level 19.0(24.0) Fighting
 - Level 17.8(22.8) Polearms
 + Level 12.6(17.6) Armour
 - Level 8.9(13.9) Dodging
 * Level 18.7(23.7) Shields
 - Level 12.0 Invocations
 + Level 10.9 Evocations


You had 19 spell levels left.
You knew the following spells:

 Your Spells              Type           Power        Failure   Level
a - Apportation           Tloc           0%           93%         1

Your spell library contained the following spells:

 Spells                   Type           Power        Failure   Level
 Animate Skeleton         Necr           0%           93%         1
 Corona                   Hex            0%           93%         1
 Magic Dart               Conj           0%           93%         1
 Pain                     Necr           0%           93%         1
 Shock                    Conj/Air       0%           93%         1
 Summon Small Mammal      Summ           0%           93%         1
 Blink                    Tloc           N/A          98%         2
 Call Imp                 Summ           0%           98%         2
 Passwall                 Tmut/Erth      0%           98%         2
 Poisonous Vapours        Pois/Air       0%           98%         2
 Searing Ray              Conj           0%           98%         2
 Slow                     Hex            0%           98%         2
 Swiftness                Air            0%           98%         2
 Conjure Flame            Conj/Fire      0%           100%        3
 Dazzling Flash           Conj/Hex       0%           100%        3
 Inner Flame              Hex/Fire       0%           100%        3
 Mephitic Cloud           Conj/Pois/Air  0%           100%        3
 Portal Projectile        Hex/Tloc       0%           100%        3
 Vampiric Draining        Necr           0%           100%        3
 Animate Dead             Necr           0%           100%        4
 Cause Fear               Hex            0%           100%        4
 Fulminant Prism          Conj/Hex       0%           100%        4
 Iskenderun's Mystic Bla  Conj/Tloc      0%           100%        4
 Leda's Liquefaction      Hex/Erth       0%           100%        4
 Passage of Golubria      Tloc           N/A          100%        4
 Agony                    Necr           0%           100%        5
 Bolt of Magma            Conj/Fire/Erth 0%           100%        5
 Iskenderun's Battlesphe  Conj           0%           100%        5
 Lee's Rapid Deconstruct  Erth           0%           100%        5
 Freezing Cloud           Conj/Ice/Air   0%           100%        6
 Invisibility             Hex            0%           100%        6
 Iron Shot                Conj/Erth      0%           100%        6
 Malign Gateway           Summ/Tloc      0%           100%        7
 Monstrous Menagerie      Summ           0%           100%        7
 Orb of Destruction       Conj           0%           100%        7
 Spellforged Servitor     Conj/Summ      0%           100%        7
 Summon Greater Demon     Summ           0%           100%        7
 Summon Horrible Things   Summ           0%           100%        8


Dungeon Overview and Level Annotations

Branches:
Dungeon (15/15)            Temple (0/1) D:5            Lair (6/6) D:9
 Shoals (4/4) Lair:2        Snake (4/4) Lair:3        Slime (0/5) Lair:6
    Orc (2/2) D:10            Elf (0/3) Orc:2        Vaults (2/5) D:13
 Depths (0/5) D:15         Bailey (visited)
  Crypt: Vaults:2-3

Altars:
Cheibriados
Dithmenos
Fedhas
Kikubaaqudgha
Makhleb
Okawaru
Qazlal
Ru
Sif Muna
Trog
Vehumet
Wu Jian
Yredelemnul
Zin
Beogh
Jiyva
Lugonu

Shops:
D:5 (   D:6 [=*[?   D:13 !*(   Orc:2 :*[(   Shoals:3 :   Snake:1 [=   Snake:3 [

Annotations:
D:7 exclusion: downstairs
D:8 exclusion: oklob plant
Lair:1 exclusion: downstairs
Lair:4 exclusion: downstairs
Lair:5 1 runed translucent door, Setanta's ghost, journeyman GnFi
Lair:6 exclusion: upstairs
Shoals:3 exclusion: downstairs
Snake:2 1 runed translucent door, 1 exclusion
Snake:3 exclusion: downstairs
Orc:1 1 runed translucent door, exclusions: 2 downstairs and orange crystal statue


Message History

The vault warden activates a sealing rune.
The ironbrand convoker hits you with a +0 flail!
* * * LOW HITPOINT WARNING * * *
The sphinx hits you but does no damage. The sphinx hits you.
* * * LOW HITPOINT WARNING * * *
The sphinx hits you but does no damage.
The ironheart preserver mumbles some strange words.
The ironheart preserver is healed somewhat.
The vault warden hits you but does no damage.
The sphinx hits you.
* * * LOW HITPOINT WARNING * * *
The sphinx hits you but does no damage. x2
The ironbrand convoker hits you but does no damage.
The ironheart preserver mumbles some strange words.
The ironheart preserver begins to accept its allies' injuries.
The sphinx hits you.
* * * LOW HITPOINT WARNING * * *
The sphinx hits you but does no damage. x2
The vault warden hits you with a +1 great mace of protection!
You die...

#.......#.....#.......).(.()#...
#.......+.....#############(#...
#.......#..................)....
#.......#...............########
#.......#.....(########)#......#
#.......#......#......#.#......#
#.......#.....o#......#.#......#
#########...)OH#).....#.#......+
#...)Cp@p.....#.'......#
#.†)).p#......#.#......#
#......#......#.########
#......#......#.........
#......#......#.........
#......#......#........)
#......########.........
#.......................
#...........#########...


You could see an orc warlord, an ironheart preserver (strong), a sphinx
(sheltered), a vault warden (strong, sheltered), a two-headed ogre (sheltered),
a cyclops (strong, sheltered) and an ironbrand convoker (sheltered, catching
breath).

Vanquished Creatures
  Polyphemus (Shoals:3)
  Gastronok (Lair:2)
  Kirke (Shoals:4)
  Ilsuiw (Shoals:4)
  Donald (Shoals:3)
  9 nagarajas
  3 orc warlords
  7 vault wardens
  A very ugly thing (Vaults:2)
  3 stone giants
  6 ironheart preservers
  Nessos (Lair:5)
  2 entropy weavers (D:13)
  2 ettins
  The ghost of xelsha the Thaumaturge, a journeyman GnVM of Sif Muna (Lair:1)
  8 merfolk impalers
  5 merfolk javelineers (Shoals:4)
  3 yaktaur captains
  A fire dragon (Vaults:1)
  15 vault guards
  12 hydras
  A rakshasa (Vaults:1)
  3 catoblepae
  8 boulder beetles
  15 naga warriors
  2 death knights
  9 anacondas
  10 centaur warriors
  An alligator snapping turtle (Shoals:4)
  2 merfolk avatars
  16 two-headed ogres
  8 death yaks
  7 merfolk aquamancers (Shoals:4)
  4 satyrs
  A queen ant (D:13)
  A deep troll earth mage (Vaults:1)
  6 ogre magi
  3 deep troll shamans
  3 orc high priests (Orc:2)
  2 tengu warriors
  Urug (Lair:5)
  2 deep elf knights
  11 naga sharpshooters
  11 shock serpents
  A skeletal warrior (Vaults:2)
  An unseen horror (D:13)
  10 deep trolls
  17 sea snakes
  2 flayed ghosts (Vaults:1)
  3 salamander mystics
  10 naga ritualists
  A kraken simulacrum (Shoals:4)
  A deep elf archer (Vaults:1)
  9 ironbrand convokers
  2 phantasmal warriors
  A wolf spider (Vaults:2)
  2 wizards
  14 orc knights
  6 orc sorcerers
  20 harpies
  13 fauns
  6 mana vipers
  6 cyclopes
  12 manticores
  7 ugly things
  2 elephants
  13 salamanders
  18 slime creatures
  3 centaur zombies
  2 guardian serpents (Snake:3)
  42 black mambas
  9 merfolk sirens
  7 vault sentinels
  23 naga magi
  12 water nymphs
  3 rime drakes
  11 cane toads
  2 gargoyles
  3 kobold demonologists (D:12)
  6 centaur skeletons
  3 freezing wraiths
  21 yaktaurs
  10 komodo dragons
  23 merfolk
  9 trolls
  3 polar bears
  A jumping spider (shapeshifter) (Vaults:2)
  4 hornets
  9 wind drakes
  A wind drake (shapeshifter) (Vaults:2)
  7 blink frogs
  16 dream sheep
  7 snapping turtles
  A meliai zombie (D:10)
  A centaur simulacrum (D:15)
  12 spriggans (Lair:3)
  28 yaks
  A vampire (D:12)
  9 wyverns
  3 wraiths
  4 basilisks
  2 golden eyes (shapeshifter)
  A spriggan (shapeshifter) (Vaults:2)
  A steam dragon (Lair:5)
  A human (D:13)
  A human (shapeshifter) (D:15)
  2 human simulacra (Vaults:2)
  8 vampire mosquitoes
  An acid dragon (D:15)
  6 soldier ants (D:13)
  51 nagas
  4 wargs
  Duvessa (D:7)
  11 water moccasins
  64 orc warriors
  7 sky beasts
  4 ice beasts
  4 black bears
  2 necrophages
  An ice beast (shapeshifter) (Vaults:2)
  A hornet zombie (D:15)
  20 ogres
  An eye of draining (D:13)
  25 wolves
  4 boggarts
  22 centaurs
  3 phantoms
  4 big kobolds
  17 bullfrogs
  A gnoll sergeant (D:9)
  2 wyvern zombies
  Dowan (D:7)
  4 scorpions
  16 wights
  11 howler monkeys
  3 bullfrog zombies
  8 hounds
  12 jellies
  31 orc priests
  16 orc wizards
  28 worker ants
  4 iguanas
  A hound zombie (D:5)
  3 hound skeletons
  2 howler monkey zombies
  6 gnolls
  10 adders
  A howler monkey skeleton (D:7)
  4 white imps
  2 ufetubi
  5 oozes
  An adder skeleton (D:5)
  2 worms (D:2)
  4 dart slugs
  6 leopard geckos
  134 orcs
  A ball python (D:2)
  6 giant cockroaches
  2 gnoll zombies (D:2)
  9 goblins
  2 hobgoblins (D:1)
  20 jackals
  17 kobolds
  5 quokkas
  6 bats
  4 frilled lizards
  A leopard gecko skeleton (D:5)
  11 rats
1355 creatures vanquished.

Vanquished Creatures (others)
  A black mamba (Snake:3)
  5 humans (Shoals:4)
  An orc wizard (D:5)
  2 orcs
  A bush (Lair:4)
  56 fungi
  106 plants
  2 tentacles (Shoals:4)
  7 toadstools (D:5)
  2 withered plants (Lair:5)
183 creatures vanquished.

Grand Total: 1538 creatures vanquished

Notes
Turn   | Place    | Note
-------+----------+-------------------------------------------
     0 | D:1      | nightchill the Merfolk Fighter began the quest for the Orb.
     0 | D:1      | Reached XP level 1. HP: 18/18 MP: 1/1
   155 | D:1      | Reached XP level 2. HP: 24/24 MP: 2/2
   560 | D:1      | Reached XP level 3. HP: 30/30 MP: 3/3
   900 | D:2      | Reached skill level 5 in Polearms
  1042 | D:2      | Reached skill level 4 in Fighting
  1210 | D:2      | Reached XP level 4. HP: 37/37 MP: 4/4
  1307 | D:2      | Found an iron altar of Okawaru.
  1325 | D:2      | Became a worshipper of Warmaster Okawaru
  1852 | D:2      | Found a basalt altar of Yredelemnul.
  2220 | D:3      | Reached skill level 1 in Invocations
  2220 | D:3      | Reached XP level 5. HP: 42/42 MP: 5/5
  2925 | D:3      | Noticed a moth of wrath
  2931 | D:3      | Found a bloodstained altar of Trog.
  3155 | D:4      | Reached XP level 6. HP: 49/49 MP: 7/7
  3265 | D:4      | Found an ornate altar of the Wu Jian Council.
  3315 | D:4      | Found a radiant altar of Vehumet.
  3651 | D:4      | Reached skill level 5 in Fighting
  4299 | D:5      | Entered Level 5 of the Dungeon
  4299 | D:5      | Found a staircase to the Ecumenical Temple.
  4400 | D:5      | Reached * piety under Okawaru
  4401 | D:5      | Reached XP level 7. HP: 56/56 MP: 7/9
  4546 | D:5      | Found Taxefost's Antique Weapon Shop.
  4859 | D:5      | Found a snail-covered altar of Cheibriados.
  4859 | D:5      | Found a stormy altar of Qazlal.
  4864 | D:5      | Found a faded altar of an unknown god.
  4866 | D:5      | Found a shadowy altar of Dithmenos.
  4885 | D:5      | Found a glowing silver altar of Zin.
  4946 | D:5      | Reached XP level 8. HP: 58/64 MP: 9/11
  4957 | D:5      | Reached ** piety under Okawaru
  4958 | D:5      | Reached skill level 6 in Fighting
  5020 | D:5      | Reached skill level 10 in Polearms
  5035 | D:5      | Noticed a slime creature
  5900 | D:5      | You fall into a shaft and drop 3 floors!
  5964 | D:7      | Found a burning altar of Makhleb.
  5986 | D:7      | Reached skill level 5 in Invocations
  6329 | D:7      | Reached XP level 9. HP: 64/71 MP: 10/13
  6394 | D:7      | Noticed Dowan
  6397 | D:7      | Noticed Duvessa
  6400 | D:7      | Found a shimmering blue altar of Sif Muna.
  6405 | D:7      | Killed Duvessa
  6406 | D:7      | Reached skill level 7 in Fighting
  6410 | D:7      | Killed Dowan
  6451 | D:7      | Identified Sif Muna's Tome of the Birds
  6719 | D:7      | Found a sacrificial altar of Ru.
  7379 | D:8      | Reached *** piety under Okawaru
  7823 | D:8      | Reached skill level 8 in Fighting
  8180 | D:8      | Reached XP level 10. HP: 80/80 MP: 15/15
  8298 | D:8      | Noticed Psyche
  8409 | D:8      | Noticed Psyche
  8409 | D:8      | Psyche changed into Psyche the wolf
  8415 | D:8      | Killed Psyche the wolf
  8696 | D:8      | Found a blossoming altar of Fedhas.
  8720 | D:8      | Noticed an oklob plant
  9202 | D:6      | Found Joriow's General Store.
  9213 | D:6      | Found Rocaomo's Antique Armour Emporium.
  9249 | D:6      | Found Ilecsump's Magic Scroll Boutique.
  9334 | D:6      | Found Yxzunuec's Jewellery Shoppe.
  9567 | D:6      | Found Oxaling's Armour Emporium.
  9769 | D:9      | Noticed an elephant
  9770 | D:9      | Found a staircase to the Lair.
 10366 | D:9      | Reached **** piety under Okawaru
 10556 | D:9      | Found an ancient bone altar of Kikubaaqudgha.
 10560 | D:9      | Noticed a two-headed ogre
 10584 | D:9      | Killed a two-headed ogre
 10585 | D:9      | Reached skill level 9 in Fighting
 11238 | D:10     | Entered Level 10 of the Dungeon
 11491 | D:10     | Noticed a white ugly thing
 11522 | D:9      | Killed a white ugly thing
 11522 | D:9      | Received a gift from Okawaru
 11560 | Lair:1   | Entered Level 1 of the Lair of Beasts
 11564 | Lair:1   | Found a gate leading to a gauntlet.
 11575 | Lair:1   | Reached skill level 5 in Shields
 11764 | Lair:1   | Reached XP level 11. HP: 77/89 MP: 17/17
 12155 | Lair:1   | Noticed an eight-headed hydra
 12174 | Lair:1   | Killed an eight-headed hydra
 12174 | Lair:1   | Reached ***** piety under Okawaru
 12395 | Lair:1   | Reached skill level 10 in Fighting
 12424 | Lair:1   | Noticed a five-headed hydra
 12478 | Lair:1   | Killed a five-headed hydra
 12721 | Lair:1   | Received a gift from Okawaru
 14033 | Lair:2   | Reached skill level 5 in Armour
 14301 | Lair:2   | Found a staircase to the Shoals.
 14453 | Lair:2   | Reached skill level 10 in Invocations
 14789 | Lair:2   | Reached XP level 12. HP: 99/99 MP: 19/19
 14792 | Lair:2   | Noticed a five-headed hydra
 14806 | Lair:2   | Killed a five-headed hydra
 14853 | Lair:2   | Reached skill level 11 in Fighting
 14925 | Lair:2   | Found a runed translucent gate.
 14927 | Lair:2   | Found a runed translucent gate.
 14928 | Lair:2   | Found a runed translucent gate.
 14930 | Lair:2   | Found a viscous altar of Jiyva.
 14930 | Lair:2   | Noticed xelsha's ghost (journeyman GnVM)
 14931 | Lair:2   | Found the +5 scythe "Finisher" {speed, eviscerate}
 15408 | Lair:2   | Noticed Gastronok
 15435 | Lair:2   | Killed Gastronok
 15546 | Lair:1   | Killed xelsha's ghost
 15924 | Lair:3   | You fall into a shaft and drop 2 floors!
 15925 | Lair:5   | Noticed an eight-headed hydra
 15930 | Lair:5   | Noticed a four-headed hydra
 15966 | Lair:4   | Reached skill level 1 in Dodging
 16038 | Lair:4   | Noticed a death yak
 16038 | Lair:4   | Noticed a death yak
 16040 | Lair:4   | Noticed a death yak
 16063 | Lair:4   | Killed a death yak
 16114 | Lair:4   | Killed a death yak
 16114 | Lair:4   | Noticed a death yak
 16133 | Lair:4   | Noticed an eight-headed hydra
 16137 | Lair:4   | HP: 4/101 [eight-headed hydra (6)]
 16143 | Lair:4   | Noticed a four-headed hydra
 16161 | Lair:4   | Killed a four-headed hydra
 16296 | Lair:4   | Killed an eight-headed hydra
 16722 | Lair:3   | Received a gift from Okawaru
 16723 | Lair:3   | Reached XP level 13. HP: 107/107 MP: 21/21
 16805 | Lair:3   | Reached skill level 15 in Polearms
 16922 | Lair:3   | Reached skill level 12 in Fighting
 17909 | Lair:4   | You fall into a shaft and drop 2 floors!
 17909 | Lair:6   | Entered Level 6 of the Lair of Beasts
 17923 | Lair:6   | Reached skill level 5 in Dodging
 18152 | Lair:6   | Found a staircase to the Slime Pits.
 18236 | Lair:5   | Noticed Nessos
 18824 | Lair:5   | Killed Nessos
 19250 | Lair:5   | Received a gift from Okawaru
 19250 | Lair:5   | Reached ****** piety under Okawaru
 19590 | Lair:5   | Noticed Urug
 19617 | Lair:5   | Killed Urug
 19946 | Lair:4   | Reached XP level 14. HP: 116/116 MP: 16/23
 20488 | Lair:5   | Found a runed translucent door.
 20488 | Lair:5   | Noticed Setanta's ghost (journeyman GnFi)
 21516 | D:10     | Reached skill level 13 in Fighting
 21746 | D:10     | Found a staircase to the Orcish Mines.
 21918 | Orc:1    | Entered Level 1 of the Orcish Mines
 21955 | Orc:1    | Found a runed translucent door.
 21970 | Orc:1    | Found the +10 tower shield of Ignorance {rN+ Int-4}
 21980 | Orc:1    | Found a runed translucent door.
 23180 | Orc:1    | Received a gift from Okawaru
 23470 | Orc:1    | Noticed an orc warlord
 23770 | D:10     | Killed an orc warlord
 23930 | Orc:1    | Found a roughly hewn altar of Beogh.
 23964 | Orc:1    | Noticed a stone giant
 23969 | Orc:1    | Killed a stone giant
 24244 | Orc:1    | Learned a level 1 spell: Apportation
 24383 | Orc:2    | Entered Level 2 of the Orcish Mines
 24392 | Orc:2    | Noticed an orc warlord
 24784 | Orc:2    | Killed an orc warlord
 24881 | Orc:2    | Found a staircase to the Elven Halls.
 25283 | Orc:2    | Received a gift from Okawaru
 25729 | Orc:2    | Noticed an orc warlord
 26008 | Orc:2    | Killed an orc warlord
 26185 | Orc:2    | Reached XP level 15. HP: 112/125 MP: 24/24
 26412 | Orc:2    | Found Restoem's Antique Armour Emporium.
 26413 | Orc:2    | Found Tytor's Antique Weapon Shoppe.
 26415 | Orc:2    | Found Zoirghem's General Store.
 26415 | Orc:2    | Found Alataag's Book Emporium.
 26878 | D:6      | Bought the ring "Qooh" {rElec Slay+4 SInv Stlth+} for 1386
                  | gold pieces
 27145 | D:6      | Bought a scroll of identify for 22 gold pieces
 27353 | Orc:2    | Bought a scroll of identify for 28 gold pieces
 27353 | Orc:2    | Identified a scroll of acquirement
 27354 | Orc:2    | Acquired a manual of Dodging
 27577 | D:11     | Reached skill level 10 in Shields
 28262 | D:12     | Reached skill level 14 in Fighting
 28286 | D:12     | Found a flagged portal.
 28339 | Bailey   | Entered a bailey
 29145 | D:12     | Found a corrupted altar of Lugonu.
 29536 | D:13     | Found Deychios's Distillery.
 30394 | D:13     | Found Poroxkueti's Antique Weapon Shop.
 30400 | D:13     | Found Xixihygg's General Store.
 30436 | D:13     | Bought a scroll of identify for 32 gold pieces
 30651 | D:13     | Received a gift from Okawaru
 30892 | D:13     | Found a gate to the Vaults.
 31997 | D:14     | Received a gift from Okawaru
 31998 | D:14     | Reached XP level 16. HP: 134/134 MP: 25/25
 32098 | D:15     | Entered Level 15 of the Dungeon
 32617 | D:15     | Found a staircase to the Depths.
 32668 | D:15     | Reached skill level 15 in Fighting
 32668 | D:15     | Reached XP level 17. HP: 144/144 MP: 26/26
 33209 | D:15     | Got a dazzling chain mail
 33597 | Lair:3   | Reached skill level 16 in Fighting
 33621 | Lair:3   | Found a staircase to the Snake Pit.
 33712 | Lair:3   | Received a gift from Okawaru
 33727 | Lair:3   | Acquired 514 gold pieces
 33809 | Snake:1  | Entered Level 1 of the Snake Pit
 33993 | Lair:3   | Identified the cursed +0 chain mail of the Arcane {Int+2
                  | Dex-5 SInv} (You found it on level 15 of the Dungeon)
 34487 | Snake:1  | Reached skill level 1 in Evocations
 34844 | Snake:1  | Reached skill level 10 in Armour
 34863 | Snake:1  | Found Xueseqo's Jewellery Shoppe.
 35370 | Snake:1  | Found Xaynapedgh's Armour Boutique.
 36386 | Snake:2  | Found a runed translucent door.
 36731 | Snake:3  | Received a gift from Okawaru
 36739 | Snake:3  | Reached XP level 18. HP: 148/153 MP: 25/27
 37685 | Snake:3  | Found Ukogaw's Armour Boutique.
 37857 | Snake:3  | Reached skill level 5 in Evocations
 38495 | Shoals:1 | Entered Level 1 of the Shoals
 38545 | Shoals:1 | Received a gift from Okawaru
 39182 | Shoals:1 | Reached skill level 17 in Fighting
 39543 | Shoals:2 | Reached skill level 15 in Shields
 40977 | Shoals:3 | Found Sidybit's Book Shoppe.
 41081 | Shoals:3 | Received a gift from Okawaru
 41100 | Shoals:3 | Got a warped chain mail {god gift}
 41756 | Shoals:4 | Entered Level 4 of the Shoals
 41844 | Shoals:4 | Noticed Polyphemus
 41891 | Shoals:4 | Noticed Ilsuiw
 42103 | Shoals:4 | Noticed Donald
 42125 | Shoals:3 | Killed Donald
 42155 | Shoals:3 | Identified the +0 chain mail of Pozurogg {Int+4 Dex+3
                  | Stlth+} (Okawaru gifted it to you on level 3 of the Shoals)
 42200 | Shoals:4 | Reached XP level 19. HP: 161/161 MP: 28/28
 42433 | Shoals:4 | Noticed Kirke
 42445 | Shoals:4 | Killed Kirke
 42573 | Shoals:3 | Killed Polyphemus
 42987 | Shoals:4 | Got a barnacled rune of Zot
 43072 | Shoals:4 | Received a gift from Okawaru
 43163 | Shoals:4 | Killed Ilsuiw
 44668 | Snake:4  | Entered Level 4 of the Snake Pit
 45311 | Snake:4  | Received a gift from Okawaru
 45784 | Snake:4  | Received a gift from Okawaru
 45785 | Snake:4  | Reached skill level 18 in Fighting
 46369 | Snake:4  | Reached XP level 20. HP: 139/170 MP: 29/29
 46638 | Snake:4  | Got a serpentine rune of Zot
 46776 | Snake:4  | Got a shimmering spear {god gift}
 46777 | Snake:4  | Identified the +12 spear "Goblinslayer" {flame, rPois rC+
                  | Stlth-} (Okawaru gifted it to you on level 4 of the Snake
                  | Pit)
 47044 | Vaults:1 | Entered Level 1 of the Vaults
 47086 | Vaults:1 | Received a gift from Okawaru
 48097 | Vaults:1 | Received a gift from Okawaru
 49121 | Vaults:1 | Reached skill level 10 in Evocations
 50530 | Vaults:2 | Received a gift from Okawaru
 50557 | Vaults:2 | Got a brightly glowing plate armour {god gift}
 50650 | Vaults:2 | Reached XP level 21. HP: 161/179 MP: 30/30
 50746 | Vaults:2 | Identified the +1 plate armour of Okawaru's Reproof {Dex+4}
                  | (Okawaru gifted it to you on level 2 of the Vaults)
 51181 | Vaults:2 | Reached skill level 19 in Fighting
 51339 | Vaults:2 | Paralysed by a sphinx for 7 turns
 51341 | Vaults:2 | HP: 9/180 [sphinx (2)]
 51343 | Vaults:2 | HP: 2/180 [sphinx (5)]
 51343 | Vaults:2 | Slain by a vault warden

Illustrated notes

Levels and vault maps discovered:
D:1:      amcnicky_arrival_gap_in_the_tavern_cellar, layout_basic
D:2:      layout_loops_corners, lemuel_zombie_altar_yredelemnul,
          kennysheep_okawaru_gauntlet
D:3:      layout_basic, tgw_trog, fountainhead, minmay_cut_off
D:4:      minmay_chambers_of_fours, layout_loops_ring, vehumet_altar_wand_db,
          nzn_wu_jian_contemplation
D:5:      cheibrodos_fertilizer, layout_cave_pools,
          chequers_temple_overflow_minitemple, temple_pool_b, serial_shops,
          nicolae_shop_stone, kb_lookout_dungeons_type
D:6:      layout_basic, serial_shops, shop, shop, nicolae_shop_waterfront, shop,
          shop
D:7:      layout_loops_corners, led_sif_book, nicolae_ru_the_path_less_chosen,
          makhleb_blood_cavern_becter, uniq_duvessa
D:8:      layout_rooms, tgw_fedhas, uniq_psyche
D:9:      layout_gridville, old_standard_altar, david_lair_generic, hive_lemuel
D:10:     minmay_the_grid_3x2 [minmay_the_grid_holed_spiral,
          minmay_the_grid_mess, minmay_the_grid_armoury,
          minmay_the_grid_stretched_grid, minmay_the_grid_medium_cups,
          minmay_the_grid_prize_shrinking_boxes], layout_rooms
D:11:     layout_long_grid, grunt_ministairs_2
D:12:     kennysheep_kobold_lugonu_temple, layout_grid_maze, enter_bailey_2
D:13:     layout_stronghold, grunt_vaults_entry_fortified, serial_shops,
          shop_fountains, shop, shop_statue, minmay_another_anthill
D:14:     layout_gridville, chequers_garden, minmay_misc_feat_diagonals
D:15:     hangedman_depths_entry_civil_slaughter, layout_gridville,
          roderic_nine_men_s_morris, moated_statue
Lair:1:   layout_layer_cave, gauntlet_entry_generic, serial_bayou_shore_a
Lair:2:   layout_misc_corridors, elwin_shoals_entry_rooms, gammafunk_ghost_ooze,
          uniq_gastronok
Lair:3:   kb_forest_paths, layout_cave_pods, special_room, lemuel_fruit_tree,
          infiniplex_staircase_pool
Lair:4:   layout_loops_ring, grunt_megastairs_1
Lair:5:   layout_regular_city, gammafunk_ghost_grave,
          chequers_serial_rivers_micro_c, hangedman_lair_generics_rect,
          serial_bayou_shore_b, grunt_megastairs_3, uniq_nessos, uniq_urug
Lair:6:   gammafunk_lair_ancient_temple, layout_long_grid,
          minmay_slime_entry_pillars
Shoals:1: layout_shoals
Shoals:2: layout_shoals
Shoals:3: layout_shoals, serial_shops, shop
Shoals:4: shoals_end_grunt_ice, layout_shoals, shoals_ilsuiw_alternative,
          nicolae_shoals_mertower, uniq_kirke, uniq_polyphemus, uniq_donald
Snake:1:  layout_chambers, serial_shops, shop, shop, drop_trap
Snake:2:  cheibrodos_toxic_ritual, layout_misc_corridors
Snake:3:  layout_chambers, special_room, serial_shops, shop
Snake:4:  snake_pit, layout_basic
Orc:1:    layout_caves, special_room [special_room_orc],
          chequers_guarded_unrand_ignorance
Orc:2:    st_orc_congregation, layout_diamond_mine
Vaults:1: vaults_dpeg_hooks, hangedman_vaults_stagger,
          ontoclasm_vaults_claustrophobia, hangedman_vaults_unwind, v_misc_9,
          v_misc_28, hangedman_vaults_maws, vaults_dpeg_encased_lava,
          nicolae_vaults_holding_cells, vaults_room_door_ring,
          nicolae_vaults_diagonal_hallway_8, vaults_standard_mumra_lines,
          vaults_dpeg_ring, grunt_vaults_diagonal, ontoclasm_vaults_ring_small,
          vaults_mumra_chevron, layout_vaults_maze_bifur,
          portal_desolation_entry_ruin
Vaults:2: nicolae_vaults_network_star, gammafunk_its_a_trap,
          nicolae_vaults_little_squares_3, hangedman_vaults_snaps,
          vaults_mumra_hexcomb, nicolae_vaults_sealed_display,
          nicolae_vaults_specimen_jars, vaults_room_pool,
          ontoclasm_vaults_decontamination, layout_vaults_big_room

Skill      XL: |  1  2  3  4  5  6  7  8  9 10 11 12 13 14 15 16 17 18 19 20 21 |
---------------+----------------------------------------------------------------+-----
Polearms       | 4 5 6 8 9 11 13 14 16 17 | 17.8
Fighting       | 4 5 6 8 9 10 11 12 13 14 15 16 17 18 19 | 19.0
Invocations    | 1 3 4 5 7 8 10 11 12 | 12.0
Armour         | 3 5 6 7 8 9 10 11 12 | 12.6
Shields        | 5 7 9 12 14 15 17 18 | 18.7
Dodging        | 3 6 8 |  8.9
Evocations     | 4 6 8 10 | 10.9

Action                   |  1- 3 |  4- 6 |  7- 9 | 10-12 | 13-15 | 16-18 | 19-21 || total
-------------------------+-------+-------+-------+-------+-------+-------+-------++-------
Melee: Trident           |   101 |   275 |   516 |   733 |    72 |       |       ||  1697
       Tailslap          |       |     1 |     3 |    11 |     4 |     5 |    15 ||    39
       Scythe            |       |       |       |    59 |   441 |       |       ||   500
       Punch             |       |       |       |       |     2 |       |       ||     2
       Demon trident     |       |       |       |       |   990 |  1040 |  1364 ||  3394
Throw: Throwing net      |       |       |       |     1 |       |       |       ||     1
 Cast: Apportation       |       |       |       |       |     2 |       |       ||     2
Invok: Heroism           |       |       |    14 |    39 |    35 |    23 |    29 ||   140
       Finesse           |       |       |       |     1 |    10 |     2 |     8 ||    21
Evoke: Wand              |       |       |       |     2 |       |       |       ||     2
       Phial of floods   |       |       |       |     1 |       |       |       ||     1
       Tin of tremorston |       |       |       |       |       |       |     1 ||     1
  Use: Scroll            |       |       |     6 |    10 |    23 |    16 |     3 ||    58
       Potion            |       |       |       |     6 |     1 |     1 |       ||     8
 Stab: Distracted        |       |     1 |       |       |       |       |       ||     1
       Held in net/web   |       |       |       |     1 |       |       |       ||     1
Armor: Scale mail        |     8 |       |       |       |       |       |       ||     8
       Plate armour      |    33 |   145 |   159 |   297 |   199 |       |       ||   833
       Chain mail        |       |       |       |       |    91 |   109 |   119 ||   319
Dodge: Dodged            |    13 |    22 |    43 |   138 |   256 |   123 |   174 ||   769
Block: Kite shield       |    32 |    84 |   156 |   242 |     9 |       |       ||   523
       Tower shield      |       |       |       |       |   680 |   878 |  1061 ||  2619
